 Dungeon Crawl Stone Soup version 0.32-a0-314-g526f7d4993 (webtiles) character file.

Game seed: 6158097780502161951

521 dricus the Cudgeller (level 7, -16/45 HPs)
             Began as a Gargoyle Fighter on Feb 16, 2024.
             Demolished by an ogre
             ... wielding a +0 giant spiked club
              (31 damage)
             ... on level 5 of the Dungeon.
             The game lasted 00:08:48 (3923 turns).

dricus the Cudgeller (Gargoyle Fighter)             Turns: 3923, Time: 00:08:49

Health: -16/45     AC: 13    Str: 21    XL:     7   Next: 21%
Magic:  7/7        EV:  7    Int:  9    God:
Gold:   133        SH:  4    Dex:  9    Spells: 6/6 levels left

rFire   . . .        b - +3 whip
rCold   . . .        c - +0 buckler
rNeg    + . .        s - +0 chain mail
rPois   ∞            (no helmet)
rElec   +            (no cloak)
rCorr   .            (no gloves)
SInv    .            (no boots)
Will    .....        (no amulet) Stlth
                     (no ring)
HPRegen 0.27/turn    (no ring)
MPRegen 0.10/turn

%: no passive effects
@: no status effects
A: sickness immunity, AC +4, negative energy resistance 1, electricity
resistance, torment resistance 1, petrification resistance
a: no special abilities


You were on level 5 of the Dungeon.
You visited 1 branch of the dungeon, and saw 5 of its levels.

You collected 133 gold pieces.

Inventory:

Hand Weapons
 a - a +0 flail
 b - a +3 whip (weapon)
   (You took it off a kobold on level 1 of the Dungeon)
Missiles
 f - 10 poisoned darts (quivered)
 g - 2 javelins
 r - a throwing net {!f}
Armour
 c - a +0 buckler (worn)
 s - a +0 chain mail (worn)
   (You found it on level 4 of the Dungeon)
Scrolls
 n - a scroll of teleportation {@r4}
 p - a scroll of revelation
Potions
 d - 3 potions of might
 e - a potion of enlightenment {unknown}
 i - 2 potions of invisibility
 l - a potion of ambrosia {unknown}
 m - 2 potions of attraction {!q}
 o - 2 potions of curing {@q1}
 q - a potion of cancellation {unknown}


   Skills:
 + Level 5.7 Fighting
 * Level 6.3 Maces & Flails
 - Level 3.2 Armour
 - Level 3.2 Shields


You had 6 spell levels left.
You didn't know any spells.
Your spell library contained the following spells:

 Spells                   Type           Power      Damage    Failure   Level
 Call Imp                 Summ           0%         N/A       99%         2
 Summon Hydra             Summ           0%         N/A       100%        7
 Sublimation of Blood     Necr           Unusable   N/A       N/A         2

Dungeon Overview and Level Annotations

Branches:
Dungeon (5/15)
 Temple: D:4-7

Altars:

Shops:
D:4 =


Innate Abilities, Weirdness & Mutations

You are immune to sickness and miasma.
Your stone body is resilient. (AC +4)
You are immune to poison.
You resist negative energy. (rN+)
You are resistant to electric shocks. (rElec)
You are resistant to unholy torment.
You are immune to petrification.


Message History

You climb downwards.
There is a stone staircase leading up here.
You see here a potion of degeneration {!q}.
You start waiting.
You feel your willpower return.
Found 5 gold pieces.
Found 2 scrolls of revelation.
e - a cyan potion A hound and an ogre come into view.
Found an inky potion and a steel ring.
The hound barks!
The ogre shouts!
There are monsters nearby!
The hound attacks as it pursues you! The hound bites you but does no damage.
The hound bites you but does no damage. The hound attacks as it pursues you!
The hound bites you but does no damage. The hound bites you but does no damage.
You barely miss the hound. You block the hound's attack.
The hound bites you but does no damage.
You hit the hound. The hound bites you but does no damage.
You hit the hound. The hound bites you but does no damage.
You barely miss the hound. You block the hound's attack.
You hit the hound.
The hound pauses to sniff the ground.
The hound bites you but does no damage.
The hound stops to sniff the ground.
The hound bites you.
You closely miss the hound. The hound bites you but does no damage.
You barely miss the hound. The hound bites you.
You hit the hound. You block the hound's attack.
You hit the hound.
You kill the hound!
You closely miss the ogre.
The ogre hits you with a +0 giant spiked club.
Unknown command.
You barely miss the ogre. You hit the ogre.
The ogre hits you with a +0 giant spiked club!
You hit the ogre. You block the ogre's attack.
You hit the ogre. You hit the ogre.
The ogre hits you with a +0 giant spiked club!
* * * LOW HITPOINT WARNING * * *
Unknown command.
You hit the ogre. You hit the ogre. The ogre barely misses you.
You hit the ogre. You hit the ogre.
The ogre hits you with a +0 giant spiked club!!
Ouch! That really hurt!
You die...

**,**,,,,,..#***#....#*####*#,,,*
,,,,,,,,,,....###....# ***,,
,,,,**,,,,,,#.....#### **,,,
,,,,*,,*****####..#### *,,,,
,,,,,,** #.....#** *,,,,
,,,..############.##...#** *,,,,
,,,..###########..#**#...* *,,,,
,,,..###########O## **#.****,,,,
,,,..###########@# *,,,,,,,,,
,,,..............### ***,,,*,,,,
,,*.########.......# *,,,****,,,
***.#######.....####***,*** ***,
***.######<..........,,,* **
>>*.#################**** *
,,,.############## *
,,,###############
,,*###############


You could see an ogre.

Vanquished Creatures
  2 bombardier beetles (D:4)
  2 hounds
  A gnoll bouda (D:3)
  Natasha (thrice) (D:3)
  8 adders
  5 gnolls
  A ribbon worm (D:2)
  2 dart slugs
  An orc (D:3)
  8 ball pythons
  4 endoplasms
  4 giant cockroaches
  5 goblins
  8 hobgoblins
  3 jackals (D:1)
  9 kobolds
  10 quokkas
  7 bats
  7 frilled lizards
  5 rats
95 creatures vanquished.

Notes
Turn   | Place    | Note
-------+----------+-------------------------------------------
     0 | D:1      | dricus the Gargoyle Fighter began the quest for the Orb.
     0 | D:1      | Reached XP level 1. HP: 14/14 MP: 1/1
   100 | D:1      | Reached XP level 2. HP: 19/19 MP: 2/2
   325 | D:1      | Reached skill level 3 in Maces & Flails
   325 | D:1      | Reached XP level 3. HP: 24/24 MP: 3/3
   719 | D:1      | Found a faded altar of an unknown god.
   983 | D:2      | Reached XP level 4. HP: 29/29 MP: 4/4
  1281 | D:2      | Reached skill level 4 in Maces & Flails
  1502 | D:2      | Reached XP level 5. HP: 33/34 MP: 5/5
  1890 | D:3      | Noticed Natasha
  1897 | D:3      | Killed Natasha
  1941 | D:3      | Noticed Natasha
  2109 | D:3      | Identified the +0 ring mail "Apoadem" {Fly rElec rN++
                  | Str-4}
  2153 | D:3      | Killed Natasha
  2228 | D:3      | Reached skill level 5 in Maces & Flails
  2395 | D:3      | Reached XP level 6. HP: 39/40 MP: 6/6
  2515 | D:3      | Noticed Natasha
  2564 | D:3      | Killed Natasha
  2565 | D:3      | Reached skill level 5 in Fighting
  3372 | D:4      | Reached skill level 6 in Maces & Flails
  3372 | D:4      | Reached XP level 7. HP: 41/44 MP: 7/7
  3518 | D:4      | Found Veaff's Jewellery Boutique.
  3810 | D:5      | Entered Level 5 of the Dungeon
  3923 | D:5      | Demolished by an ogre

Illustrated notes

Levels and vault maps discovered:
D:1:      orjb1_lava_funnel, layout_basic,
          shapermc_ecumenical_altar_mp_highgroup, minmay_tiny_reverse_x
D:2:      layout_loops_ring, nicolae_elevator_lobby_asterisk
D:3:      layout_loops_ring, minmay_misc_feat_tower, uniq_natasha
D:4:      layout_cave_pools, serial_shops, shop, minmay_close_crescents
D:5:      layout_rooms, mainiacjoe_overflow_alcove_4,
          lemuel_zombie_altar_yredelemnul

Skill      XL: |  1  2  3  4  5  6 |
---------------+-------------------+-----
Maces & Flails | 3 4 5 6 |  6.3
Fighting       | 4 5 |  5.7
Armour         | |  3.2
Shields        | |  3.2

Action                     |  1- 3 |  4- 6 |  7- 9 || total
---------------------------+-------+-------+-------++-------
  Melee: Flail             |    46 |       |       ||    46
         Whip              |    58 |   256 |    44 ||   358
    Use: Scroll            |       |       |     8 ||     8
   Stab: Distracted        |       |     1 |       ||     1
 Armour: Scale mail        |    54 |   174 |     6 ||   234
         Chain mail        |       |       |    25 ||    25
  Dodge: Dodged            |    63 |   101 |     6 ||   170
  Block: Buckler           |    22 |    54 |     6 ||    82

Table legend: (Time is in decaauts)
 A = Elapsed time spent in this place.
 B = Non-inter-level travel time spent in this place.
 C = Inter-level travel time spent in this place.
 D = Time resting spent in this place.
 E = Time spent auto-exploring this place.
 F = Levels seen in this place.
 G = Mean time per level.
                   A        B        C        D        E       F      G
               +--------+--------+--------+--------+--------+-----+--------+
         Total |   3907 |   3748 |    159 |    446 |   2337 |   5 |  781.4 |
       Dungeon |   3907 |   3748 |    159 |    446 |   2337 |   5 |  781.4 |
               +--------+--------+--------+--------+--------+-----+--------+

Top non-repeatable levels by time:
     D:3: 1321 daAuts
     D:1: 994 daAuts
     D:2: 852 daAuts
     D:4: 645 daAuts
     D:5: 94 daAuts
